 Dungeon Crawl Stone Soup version 0.20-a0-1122-gb7cbeb9 (webtiles) character file.

2298 Monsterracer the Carver (level 9, -5/69 HPs)
             Began as a Formicid Fighter on May 14, 2017.
             Was a Priest of Cheibriados.
             Slain by Gastronok (28 damage)
             ... on level 8 of the Dungeon.
             The game lasted 00:19:09 (7536 turns).

Monsterracer the Carver (Formicid Fighter)          Turns: 7536, Time: 00:19:09

Health: -5/69      AC: 14    Str: 35    XL:     9   Next: 67%
Magic:  10/10      EV: 10    Int: 17    God:    Cheibriados [***...]
Gold:   346        SH: 19    Dex: 21    Spells: 8/8 levels left

rFire    . . .     SeeInvis +   a - +1 long sword
rCold    + . .     Gourm    .   c - +0 shield
rNeg     . . .     Faith    .   A - +0 plate armour
rPois    .         Spirit   .   (helmet unavailable)
rElec    .         Reflect  +   (no cloak)
rCorr    .         Harm     .   (no gloves)
MR       .....     Clarity  +   (no boots)
Stlth    ..........             o - +6 amulet of reflection
Regen    0.3/turn               g - ring of wizardry
MPRegen  0.2/turn               j - ring of protection from cold

@: mighty, very slow
A: permanent stasis, dig shafts and tunnels, four strong arms, antennae 3, slimy
green scales 1, clarity, clever 1, sturdy frame 1
a: Dig, Shaft Self, Bend Time, Temporal Distortion, Renounce Religion


You were on level 8 of the Dungeon.
You worshipped Cheibriados.
Cheibriados was most pleased with you.
You were not hungry.

You visited 2 branches of the dungeon, and saw 9 of its levels.

You collected 346 gold pieces.

Inventory:

Hand Weapons
 a - a +1 long sword (weapon)
 p - a +0 hunting sling
Missiles
 b - 204 stones (quivered)
 s - 52 sling bullets
Armour
 c - a +0 shield (worn)
 A - a +0 plate armour (worn)
Jewellery
 g - a ring of wizardry (left hand)
 j - a ring of protection from cold (right hand)
 k - an uncursed amulet of regeneration
 o - a +6 amulet of reflection (around neck)
Wands
 w - a wand of iceblast (10/15)
 y - a wand of confusion (16/48)
Scrolls
 h - 3 scrolls of immolation
 i - 2 scrolls of identify
 t - 4 scrolls of recharging
 u - a scroll of amnesia
 v - a scroll of enchant armour
 z - 2 scrolls of enchant weapon
Potions
 d - 2 potions of might
 e - 2 potions of flight
 r - a potion of heal wounds
 x - 3 potions of curing
Comestibles
 f - 4 bread rations
 l - 3 meat rations
 m - 3 royal jellies
 n - 9 fruits


   Skills:
 + Level 5.7 Fighting
 * Level 9.2 Long Blades
 + Level 5.3 Armour
 + Level 3.2 Dodging
 + Level 6.1 Shields
 + Level 2.1 Invocations


You had 8 spell levels left.
You didn't know any spells.

Dungeon Overview and Level Annotations

Branches:
Dungeon (8/15)             Temple (1/1) D:4
   Lair: D:8-11

Altars:
Ashenzari
Cheibriados
Dithmenos
Elyvilon
Fedhas
Hepliaklqana
Kikubaaqudgha
Makhleb
Nemelex Xobeh
Okawaru
Qazlal
Sif Muna
Trog
Vehumet
Wu Jian
Xom
Yredelemnul
Zin
The Shining One

Annotations:
D:8 Gastronok


Innate Abilities, Weirdness & Mutations

You cannot be hasted, slowed, berserked, paralysed or teleported.
You can dig through walls and to a lower floor.
Your four strong arms can wield two-handed weapons with a shield.
You have a pair of large antennae on your head. (SInv)
You are partially covered in slimy green scales. (AC +2)
You possess an exceptional clarity of mind.
Your mind is acute. (Int +2)
Your movements are slightly less encumbered by armour. (ER -2)


Message History

You block the bat's attack. Gastronok bites you!!
* * * LOW HITPOINT WARNING * * *
You block the river rat's attack. The rat bites you but does no damage.
You feel much better. You block the bat's attack.
The river rat barely misses you. You block the rat's attack.
You feel very mighty all of a sudden. You block the bat's attack.
You block the river rat's attack.
Gastronok makes a strange noise.
Gastronok bites you! The rat closely misses you.
You riposte.
You slash the rat!
You kill the rat!
The rat's corpse disappears in a puff of smoke!
You hit Gastronok.
Gastronok is heavily wounded.
The bat hits you but does no damage. You block the river rat's attack.
Unknown command.
You slash Gastronok!
Gastronok is severely wounded.
The bat hits you but does no damage. Gastronok bites you!!
You die...

.........### ..#
#..####
.....###...###..#
#.# # ....
##...#...# # ...
###.....# .#
##....##..#
##.......#
####....##...
#.####ยง.....## .
#...bw@....##
##...rb....#
#..........#
#......$...#
#.......#..#
#.....###...#
......# #....
...... ....


You could see Gastronok, a river rat and 2 bats.

Vanquished Creatures
  Duvessa (D:7)
  A sky beast (D:5)
  An orc warrior (D:7)
  2 ice beasts (D:6)
  A black bear (D:7)
  A phantom (D:8)
  Dowan (D:7)
  A scorpion (D:7)
  3 howler monkeys
  3 crimson imps
  2 bullfrog skeletons
  2 jellies
  5 orc priests
  4 hounds
  Natasha (thrice) (D:3 D:2)
  11 orc wizards
  5 worker ants
  A hound skeleton (D:6)
  A hound zombie (D:7)
  A worker ant zombie (D:7)
  A howler monkey skeleton (D:7)
  4 gnolls (D:3)
  9 adders
  2 river rats (D:5)
  A shadow imp (D:5)
  2 oozes (D:3)
  6 worms
  3 dart slugs
  6 leopard geckos
  31 orcs
  4 bats
  4 giant cockroaches
  5 goblins
  10 hobgoblins
  12 jackals
  10 kobolds
  5 quokkas
  A ball python (D:4)
  3 frilled lizards
  2 quokka zombies
  10 rats
181 creatures vanquished.

Vanquished Creatures (others)
  A centaur (D:7)
1 creature vanquished.

Grand Total: 182 creatures vanquished

Notes
Turn   | Place    | Note
-------+----------+-------------------------------------------
     0 | D:1      | Monsterracer the Formicid Fighter began the quest for the Orb.
     0 | D:1      | Reached XP level 1. HP: 18/18 MP: 1/1
   241 | D:1      | Reached XP level 2. HP: 24/24 MP: 2/2
   303 | D:1      | Reached skill level 3 in Long Blades
   790 | D:1      | Reached XP level 3. HP: 29/29 MP: 3/3
  1554 | D:2      | Reached skill level 4 in Long Blades
  1554 | D:2      | Reached XP level 4. HP: 30/35 MP: 4/4
  2494 | D:3      | Reached XP level 5. HP: 41/41 MP: 5/5
  2565 | D:3      | Noticed Natasha
  2760 | D:3      | Reached skill level 5 in Long Blades
  2915 | D:3      | Reached skill level 6 in Long Blades
  2915 | D:3      | Reached XP level 6. HP: 39/47 MP: 6/6
  3063 | D:3      | Killed Natasha
  3090 | D:3      | Noticed Natasha
  3100 | D:3      | Killed Natasha
  3149 | D:3      | Noticed Natasha
  3191 | D:2      | Killed Natasha
  3416 | D:4      | Reached skill level 7 in Long Blades
  3416 | D:4      | Reached XP level 7. HP: 50/52 MP: 7/7
  3653 | D:4      | Found a staircase to the Ecumenical Temple.
  3682 | Temple   | Entered the Ecumenical Temple
  3754 | Temple   | Became a worshipper of Cheibriados the Contemplative
  4265 | D:5      | Entered Level 5 of the Dungeon
  4817 | D:5      | Reached skill level 1 in Dodging
  4934 | D:5      | Reached * piety under Cheibriados
  4982 | D:5      | Reached XP level 8. HP: 60/60 MP: 8/8
  5442 | D:5      | Reached skill level 8 in Long Blades
  5752 | D:6      | Reached skill level 5 in Shields
  5841 | D:6      | Reached ** piety under Cheibriados
  6149 | D:6      | Gained mutation: Your movements are slightly less encumbered by armour. (ER -2) [potion of mutation]
  6149 | D:6      | Gained mutation: Your mind is acute. (Int +2) [potion of mutation]
  6149 | D:6      | Gained mutation: You are partially covered in slimy green scales. (AC +2) [potion of mutation]
  6149 | D:6      | Gained mutation: You possess an exceptional clarity of mind. [potion of mutation]
  6406 | D:7      | Noticed Duvessa
  6408 | D:7      | Noticed Dowan
  6423 | D:7      | Killed Duvessa
  6423 | D:7      | Reached skill level 5 in Fighting
  6423 | D:7      | Reached XP level 9. HP: 66/68 MP: 9/9
  6430 | D:7      | Killed Dowan
  6553 | D:7      | Found a sparkling altar of Nemelex Xobeh.
  6729 | D:7      | Reached *** piety under Cheibriados
  6734 | D:7      | Found a sparkling altar of Nemelex Xobeh.
  6845 | D:7      | Reached skill level 5 in Armour
  6847 | D:7      | Reached skill level 1 in Invocations
  6961 | D:7      | Reached skill level 9 in Long Blades
  7516 | D:8      | Noticed Gastronok
  7536 | D:8      | Slain by Gastronok

Vault maps used:
D:1:      dpeg_arrival_more_subterranean_lakeside_camping, serial_forest,
          infiniplex_forest_lined_2, infiniplex_forest_corner_2,
          infiniplex_forest_end_3, infiniplex_forest_clump_C,
          infiniplex_forest_lined_room_, infiniplex_forest_straight_5,
          infiniplex_forest_straight_4, infiniplex_forest_straight_2
D:2:      minmay_octomino_j4
D:3:      uniq_natasha
D:4:      minmay_temple_entry_junction, first_bread, kennysheep_generic_room_10
D:5:      lightli_sewer_entry_pipes
D:7:      marbit_many_paths, nemelex_lonely_heart_becter, uniq_duvessa
D:8:      kennysheep_mini, lemuel_round_altar, grunt_livestock, uniq_gastronok
Temple:   dpeg_five_rooms_temple

Skill      XL: |  1  2  3  4  5  6  7  8  9 |
---------------+----------------------------+-----
Long Blades    | 3 4 6 7 8 9 |  9.2
Dodging        | 1 2 3 |  3.2
Shields        | 4 5 6 |  6.1
Fighting       | 5 |  5.7
Armour         | 4 5 |  5.3
Invocations    | 2 |  2.1

Action                   |  1- 3 |  4- 6 |  7- 9 || total
-------------------------+-------+-------+-------++-------
Melee: Long sword        |   121 |   276 |   467 ||   864
Throw: Stone             |       |     4 |       ||     4
  Use: Potion            |     4 |     2 |     6 ||    12
       Scroll            |       |     4 |     8 ||    12
  Eat: Chunk             |     2 |     7 |    10 ||    19
Armor: Scale mail        |     6 |       |       ||     6
       Chain mail        |    64 |   168 |    96 ||   328
       Plate armour      |       |       |    31 ||    31
Dodge: Dodged            |    29 |    61 |    95 ||   185
Block: Shield            |    63 |   143 |   270 ||   476
       Reflection        |       |       |     7 ||     7
       Rpst.: Long sword |    15 |    16 |    32 ||    63
